Map: Automaton LE

Players

Awers - Winner!

  • Race: Terran Terran
  • Spawn Location: 3:00

HolyHit

  • Race: Protoss Protoss
  • Spawn Location: 9:00

Event: 2019 WCS Spring

VOD

Have the link to the VOD?

Description

Time

  • Played on: May 17, 2019, 7:49 a.m.
  • Length: 11:28

All games in this series

Show
View Real Time Build Order
Export as new Build Order

Awers Terran - Winner!

Build Orders: Mech, Banshee Rush 

Get SALT Encoding   

  12  0:00  SCV  
  13  0:13  SCV  
  14  0:19  Supply Depot  
  14  0:25  SCV  
  15  0:31  Refinery  
  15  0:40  SCV  
  16  0:50  Barracks  
  16  0:52  Refinery  
  16  0:53  SCV  
  17  0:57  Barracks  
  17  1:05  SCV  
  18  1:15  Engineering Bay  
  18  1:17  SCV  
  19  1:31  SCV  
  20  1:48  Marine  
  20  1:50  Orbital Command  
  20  1:52  Factory  
  21  2:02  Refinery, Supply Depot  
  21  2:06  Marine  
  22  2:16  SCV  
  23  2:25  Marine  
  23  2:28  SCV  
  27  2:37  Starport, Widow Mine  
  27  2:39  Supply Depot  
  27  2:40  SCV  
  28  2:46  Marine  
  29  2:58  Factory Tech Lab  
  29  3:03  Marine  
  30  3:14  Medivac  
  30  3:17  Cyclone  
  35  3:21  Command Center  
  35  3:23  Marine  
  35  3:26  SCV  
  37  3:33  Supply Depot  
  37  3:41  Barracks Reactor  
  37  3:52  SCV  
  37  3:53  Cloaking Field  
  38  3:58  Factory Tech Lab  
  38  4:04  Banshee  
  38  4:06  SCV  
  42  4:13  Supply Depot  
  42  4:33  Orbital Command  
  42  4:35  SCV, Supply Depot  
  41  4:44  Marine x2  
  43  4:47  Raven  
  43  4:48  SCV  
  46  4:59  SCV  
  47  5:00  SCV  
  48  5:11  SCV  
  48  5:12  SCV  
  50  5:14  Siege Tank  
  50  5:20  Marine x2  
  55  5:23  SCV  
  55  5:24  SCV  
  57  5:31  Viking  
  57  5:32  Refinery  
  59  5:36  SCV  
  59  5:39  Marine x2  
  59  5:40  Refinery  
  59  5:42  SCV  
  63  5:46  Siege Tank  
  65  5:57  SCV  
  65  6:01  SCV  
  60  6:05  Command Center  
  60  6:07  Marine x2  
  60  6:09  SCV  
  63  6:11  Banshee  
  63  6:14  SCV  
  67  6:19  Siege Tank  
  67  6:22  SCV  
  67  6:24  Supply Depot  
  71  6:28  Marine x2  
  73  6:32  Factory  
  73  6:34  Bunker  
  73  6:36  SCV  
  74  6:44  SCV  
  75  6:49  Factory  
  75  6:53  SCV  
  73  6:57  Supply Depot  
  73  7:00  Siege Tank  
  73  7:01  SCV  
  73  7:04  Armory  
  73  7:05  Liberator  
  73  7:06  SCV  
  73  7:08  Factory  
  74  7:19  Orbital Command  
  77  7:26  SCV x2  
  77  7:28  Hellion x2  
  83  7:32  Infernal Pre-Igniter  
  83  7:41  SCV  
  83  7:43  Orbital Command  
  84  7:44  Barracks Reactor  
  84  7:50  Siege Tank  
  87  7:52  Hellion x2  
  87  7:56  SCV  
  87  7:58  Terran Vehicle Weapons Level 1  
  88  8:13  Siege Tank  
  88  8:15  Hellion x2  
  95  8:26  Viking  
  97  8:27  SCV  
  97  8:34  Hellion x2, Siege Tank  
  101  8:35  SCV  
  101  8:36  SCV, Hellion  
  109  8:43  Engineering Bay  
  109  8:46  Refinery  
  109  8:49  Supply Depot  
  109  8:50  SCV, Supply Depot  
  109  8:51  Supply Depot  
  109  8:52  Refinery  
  109  8:54  SCV  
  111  8:56  Hellion  
  111  8:57  Hellion x2  
  111  9:00  Starport Reactor  
  117  9:08  Factory  
  117  9:10  SCV x3, Siege Tank  
  117  9:13  Thor  
  129  9:22  SCV x2  
  129  9:27  SCV, Hellion x2  
  134  9:35  Hellion x2  
  138  9:42  Cyclone  
  141  9:48  Missile Turret  
  141  9:51  Missile Turret  
  141  9:52  Missile Turret  
  141  9:54  Missile Turret  
  141  9:57  Missile Turret  
  141  10:00  Supply Depot  
  141  10:01  Missile Turret, Cyclone  
  141  10:05  Missile Turret  
  141  10:06  Missile Turret  
  141  10:09  Hellion x2  
  145  10:16  Viking  
  143  10:31  SCV  
  143  10:33  Siege Tank x2  
  143  10:34  Hellion  
  152  10:40  Hellion  
  152  10:42  Factory Tech Lab  
  154  10:47  SCV  
  154  10:48  SCV  
  154  10:58  Hellion  
  154  10:59  Hellion  
  154  11:03  Supply Depot  
  153  11:12  Supply Depot  
  161  11:26  Supply Depot x2  
Show
View Real Time Build Order
Export as new Build Order

HolyHit Protoss 

Build Orders: Dark Templar Rush 

Get SALT Encoding   

  12  0:00  Probe  
  13  0:13  Probe  
  14  0:18  Pylon  
  14  0:24  Probe  
  15  0:32  Probe  
  15  0:38  Gateway  
  15  0:40  Probe  
  16  0:46  Assimilator  
  17  0:53  Probe  
  18  1:05  Probe  
  19  1:17  Probe  
  20  1:28  Pylon  
  22  1:34  Cybernetics Core, Probe  
  21  1:51  Nexus  
  21  1:58  Assimilator  
  21  1:59  Probe  
  22  2:08  Adept  
  22  2:11  Probe  
  24  2:20  Twilight Council, Probe  
  25  2:30  Stalker, Probe  
  26  2:43  Probe  
  29  2:45  Pylon  
  29  2:55  Probe  
  30  3:03  Probe  
  30  3:04  Dark Shrine  
  31  3:07  Probe  
  31  3:10  Warp Gate  
  30  3:15  Shield Battery  
  30  3:17  Probe  
  30  3:18  Probe  
  31  3:25  Probe  
  32  3:29  Probe  
  32  3:30  Stalker  
  32  3:33  Probe  
  37  3:43  Robotics Facility  
  37  3:46  Probe  
  39  3:56  Gateway  
  39  3:58  Probe  
  39  4:02  Gateway  
  38  4:05  Probe  
  39  4:12  Probe  
  38  4:31  Probe  
  38  4:34  Probe  
  37  4:39  Probe  
  37  4:42  Immortal, Probe  
  37  4:44  Pylon  
  36  4:47  Probe  
  36  4:52  Probe  
  39  5:00  Dark Templar  
  39  5:01  Probe  
  39  5:06  Probe  
  40  5:13  Probe  
  39  5:18  Probe  
  36  5:24  Probe  
  36  5:25  Dark Templar  
  36  5:26  Probe  
  39  5:32  Probe  
  39  5:34  Probe  
  40  5:37  Warp Prism  
  40  5:40  Probe  
  44  5:44  Probe  
  46  5:55  Charge  
  40  6:00  Probe  
  40  6:02  Probe  
  42  6:08  Shadow Stride, Shield Battery  
  42  6:13  Probe  
  43  6:21  Observer  
  43  6:23  Assimilator, Probe  
  43  6:25  Probe  
  46  6:27  Assimilator  
  46  6:32  Gateway  
  46  6:35  Gateway  
  44  6:42  Stalker  
  44  6:53  Probe x2  
  44  7:08  Gateway  
  44  7:15  Dark Templar  
  44  7:16  Dark Templar  
  46  7:29  Zealot, Dark Templar  
  50  7:32  Zealot  
  52  7:45  Zealot, Dark Templar  
  52  7:49  Zealot  
  58  7:56  Zealot  
  60  8:10  Probe x2  
  44  8:15  Stalker, Immortal  
  45  8:22  Probe x2  
  51  8:34  Probe x2  
  53  8:41  Forge  
  55  8:51  Nexus  
  55  8:58  Dark Templar  
  55  8:59  Dark Templar  
  55  9:02  Probe  
  58  9:04  Probe  
  59  9:10  Blink  
  59  9:14  Probe  
  60  9:22  Protoss Ground Weapons Level 1  
  60  9:27  Dark Templar  
  60  9:29  Probe  
  61  9:33  Probe  
  61  9:36  Stalker  
  61  9:37  Stalker  
  61  9:41  Probe  
  61  9:44  Probe  
  55  9:53  Probe  
  55  9:54  Stalker  
  58  10:05  Probe  
  58  10:08  Probe  
  60  10:18  Stalker  
  60  10:19  Stalker  
  60  10:28  Probe  
  60  10:29  Probe  
  60  10:33  Probe  
  63  10:39  Stalker x2  
  61  10:48  Observer, Stalker x2  
  64  11:01  Stalker x2  
  68  11:09  Pylon  
  68  11:10  Pylon  
  66  11:15  Pylon  
  66  11:16  Pylon  
Tags
 
Add a new tag
Caveats
  • Supply blocks, unpowered buildings, or Contaminate may cause inaccurate times.
  • Supply counts are checked every 10 seconds.